 Dungeon Crawl Stone Soup version 0.24.0-1-gfbc8707122 (webtiles) character file.

Game seed: 16475622960000621342, levelgen mode: deterministic

375 Looknius the Skirmisher (level 6, -7/49 HPs)
             Began as a Demonspawn Abyssal Knight on Oct 27, 2019.
             Was a Priest of Lugonu.
             Mangled by an iguana (10 damage)
             ... on level 4 of the Dungeon.
             The game lasted 00:32:15 (3158 turns).

Looknius the Skirmisher (Demonspawn Abyssal Knight) Turns: 3158, Time: 00:32:15

Health: -7/49      AC: 10    Str: 15    XL:     6   Next: 44%
Magic:  7/8        EV: 10    Int: 13    God:    Lugonu [***...]
Gold:   240        SH:  0    Dex: 16    Spells: 5/5 levels left

rFire    + . .     SeeInvis .   y - +3 spear
rCold    + . .     Gourm    .   (no shield)
rNeg     . . .     Faith    .   k - +0 scale mail
rPois    .         Spirit   .   (helmet restricted)
rElec    .         Reflect  .   x - scarf {rC+ rF+}
rCorr    .         Harm     .   h - +0 pair of gloves
MR       .....                  w - +1 pair of boots
Stlth    +.........             (no amulet)
HPRegen  0.16/turn              E - ring of wizardry
MPRegen  0.11/turn              (no ring)

@: flying
A: antennae 2, thin skeletal structure 2
a: Depart the Abyss, Bend Space, Banish, Renounce Religion


You were on level 4 of the Dungeon.
You worshipped Lugonu.
Lugonu was most pleased with you.
You were not hungry.

You visited 1 branch of the dungeon, and saw 4 of its levels.
You visited the Abyss 1 time.

You collected 240 gold pieces.

Inventory:

Hand Weapons
 a - a +1 falchion
 d - a +0 spear
 m - a +0 whip of pain
 v - a +0 short sword
 y - a +3 spear (weapon)
 A - a +0 hunting sling
 G - a +0 mace
 H - a +1 rapier of protection
Missiles
 c - 27 bolts
 e - 6 boomerangs of dispersal (quivered)
 g - 156 stones
 o - 30 poisoned darts
 s - 7 curare-tipped darts
 u - 2 throwing nets
 B - 2 boomerangs
 L - 24 sling bullets
Armour
 b - a +0 leather armour
 h - a +0 pair of gloves (worn)
 i - a +0 ring mail
 k - a +0 scale mail (worn)
 w - a +1 pair of boots (worn)
 x - a scarf of resistance (worn)
 C - a +0 pair of gloves
 F - a +0 chain mail
Jewellery
 E - a ring of wizardry (left hand)
Scrolls
 f - 2 scrolls of identify
 p - a scroll of blinking {unknown}
 r - 4 scrolls of remove curse {unknown}
 t - a scroll of enchant weapon {unknown}
 D - a scroll of noise {unknown}
 I - 2 scrolls of fear {unknown}
 K - a scroll of amnesia {unknown}
Potions
 j - 2 potions of brilliance
 l - a potion of might {unknown}
 z - a potion of cancellation {unknown}
 J - a potion of mutation {unknown}
Comestibles
 q - 3 rations


   Skills:
 + Level 4.4 Fighting
 + Level 3.8 Long Blades
 + Level 1.6 Polearms
 + Level 3.0 Armour
 + Level 1.8 Dodging
 + Level 0.2 Stealth
 + Level 2.9 Invocations


You had 5 spell levels left.
You didn't know any spells.
Your spell library was empty.

Dungeon Overview and Level Annotations

Branches:
Dungeon (4/15)
 Temple: D:4-7

Altars:
Ashenzari
Nemelex Xobeh
Qazlal

Annotations:
D:4 Dowan, Duvessa


Innate Abilities, Weirdness & Mutations

You have a pair of antennae on your head.
You have a moderately thin skeletal structure. (Dex +4, Stealth+)


Message History

Duvessa is moderately wounded.
Duvessa barely misses you.
You hit Duvessa.
Duvessa is heavily wounded.
Duvessa closely misses you. Duvessa hits you with a +0 short sword!
* * * LOW HITPOINT WARNING * * *
You hit Duvessa.
Duvessa is heavily wounded.
Duvessa hits you with a +0 short sword.
* * * LOW HITPOINT WARNING * * *
Space bends around you!
You blink.
Duvessa closely misses you.
The iguana hisses menacingly.
Duvessa hits you with a +0 short sword.
* * * LOW HITPOINT WARNING * * *
Press: ? - help, Shift-Dir - straight line, f/p - Duvessa
Aim: Duvessa, wielding a +0 short sword and wearing a +0 scale mail (heavily wounded, fast, chance to defeat MR: 67%)
Okay, then.
Space bends around you!
You blink.
The iguana bites you!
You die...

''.8.''.......# #l#
#...##........# ###.##
...##..##.....# #.l#.#
..##...######## #.#.##
.##..### #{###
##...#### #{# ........#
#.# #.##.##.# #######.#
#.##....######..@le..#
#.#####....ยง.e.#######
#.#####.########
#.......# #########


You could see Duvessa, Dowan and an iguana.

Vanquished Creatures
  A scorpion (D:4)
  An orc wizard (D:4)
  Natasha (thrice) (D:3)
  3 gnolls (D:3)
  9 adders
  2 oozes
  An adder skeleton (D:3)
  3 worms
  2 dart slugs (D:2)
  2 leopard geckos
  6 orcs
  11 bats
  4 giant cockroaches
  6 goblins
  2 hobgoblins
  6 jackals
  5 frilled lizards
  A jackal skeleton (D:4)
  9 kobolds
  7 rats
84 creatures vanquished.

Vanquished Creatures (others)
  An adder (D:4)
1 creature vanquished.

Grand Total: 85 creatures vanquished

Notes
Turn   | Place    | Note
-------+----------+-------------------------------------------
     0 | Abyss:1  | Looknius the Demonspawn Abyssal Knight began the quest for
                  | the Orb.
     0 | Abyss:1  | Reached XP level 1. HP: 18/18 MP: 2/2
    46 | D:1      | Escaped the Abyss
   178 | D:1      | Reached skill level 1 in Dodging
   253 | D:1      | Gained mutation: You have a pair of small antennae on your
                  | head. [demonic ancestry]
   253 | D:1      | Reached XP level 2. HP: 23/24 MP: 3/3
   343 | D:1      | You fall into a shaft and drop 1 floor!
   343 | D:2      | Found a sparkling altar of Nemelex Xobeh.
   367 | D:2      | Gained mutation: You have a somewhat thin skeletal
                  | structure. (Dex +2, Stealth) [demonic ancestry]
   367 | D:2      | Reached XP level 3. HP: 28/30 MP: 4/4
   448 | D:1      | Reached ** piety under Lugonu
   660 | D:2      | Noticed Natasha
   815 | D:3      | HP: 1/30 [Natasha/magic dart (8)]
   816 | D:3      | Killed Natasha
   816 | D:3      | Gained mutation: You have a pair of antennae on your head.
                  | [demonic ancestry]
   816 | D:3      | Reached XP level 4. HP: 1/37 MP: 5/5
  1117 | D:3      | Noticed Natasha
  1135 | D:3      | Killed Natasha
  1141 | D:3      | Noticed Natasha
  1153 | D:3      | Killed Natasha
  1153 | D:3      | Reached skill level 4 in Fighting
  1153 | D:3      | Gained mutation: You have a moderately thin skeletal
                  | structure. (Dex +4, Stealth+) [demonic ancestry]
  1153 | D:3      | Reached XP level 5. HP: 20/42 MP: 7/7
  1192 | D:3      | Found a stormy altar of Qazlal.
  1394 | D:3      | HP: 2/42 [gnoll/+3 spear (8)]
  2206 | D:3      | Reached *** piety under Lugonu
  2549 | D:4      | Reached XP level 6. HP: 43/49 MP: 8/8
  2582 | D:4      | Found a shattered altar of Ashenzari.
  2624 | D:4      | Reached skill level 1 in Polearms
  3124 | D:4      | Noticed Duvessa
  3125 | D:4      | Noticed Dowan
  3158 | D:4      | Mangled by an iguana

Levels and vault maps discovered:
D:1:      dpeg_arrival_snail, layout_rooms, kennysheep_boxes
D:2:      layout_rooms, nemelex_xobeh_ov_fountains_minmay, uniq_natasha
D:3:      layout_basic, grunt_qazlal_clouds, first_ration
D:4:      layout_loops_cross, cheibrodos_ashenzari_chains,
          grunt_decor_arrowhead, uniq_duvessa

Skill      XL: |  1  2  3  4  5  6 |
---------------+-------------------+-----
Dodging        | 1 |  1.8
Armour         | 2 3 |  3.0
Long Blades    | 2 3 |  3.8
Fighting       | 4 |  4.4
Polearms       | 1 |  1.6
Stealth        | |  0.2
Invocations    | |  2.9

Action                   |  1- 3 |  4- 6 || total
-------------------------+-------+-------++-------
Melee: Falchion          |    77 |   118 ||   195
       Spear             |       |   131 ||   131
Invok: Bend Space        |     2 |     5 ||     7
       Banish            |       |     1 ||     1
  Use: Potion            |       |     6 ||     6
       Scroll            |       |     4 ||     4
 Stab: Sleeping          |       |     1 ||     1
  Eat: Ration            |     1 |     2 ||     3
Armor: Ring mail         |     7 |       ||     7
       Leather armour    |     6 |       ||     6
       Scale mail        |    63 |   141 ||   204
Dodge: Dodged            |    76 |   156 ||   232
       Rpst.: Falchion   |    28 |    28 ||    56
